 Dungeon Sprint DCSS version 0.31-a0-889-g1a8549509d (webtiles) character file.

Game seed: 14520754831893897496

6790 sircluck the Brawler (level 10, 0/178 HPs)
             Began as a Troll Berserker on Oct 16, 2023.
             Was a High Priest of Trog.
             Slain by an ice dragon (5 damage)
             ... in the Dungeon (Sprint VII: "The Pits").
             The game lasted 00:02:41 (693 turns).

sircluck the Brawler (Troll Berserker)               Turns: 693, Time: 00:02:41

Health: 0/178      AC:  4    Str: 31    XL:     10   Next: 76%
Magic:  6/9        EV: 13    Int:  3    God:    Trog [*****.]
Gold:   10         SH:  0    Dex:  9    Spells: 9/9 levels left

rFire   . .          .
                       - Unarmed
rCold   . . .        (no shield)
rNeg    . . .        a - +0 animal skin
rPois   .            (helmet restricted)
rElec   .            (no cloak)
rCorr   .            (gloves unavailable)
SInv    .            (boots unavailable)
Will    .....        (no amulet) Stlth
                     (no ring)
HPRegen 1.29/turn    (no ring)
MPRegen 0.11/turn

%: no teleportation
@: berserking, very quick
A: large, unfitting armour, claws 3, regeneration 1, shaggy fur 1, tough skin 1
a: Renounce Religion, Berserk, Trog's Hand, Brothers in Arms


You were in the Dungeon.
You worshipped Trog.
Trog was extremely pleased with you.
You visited 1 branch You collected 10 gold pieces.

Inventory:

Armour
 a - a +0 animal skin (worn)
Jewellery
 l - a +3 ring of intelligence
 n - a +3 ring of dexterity
Wands
 k - a wand of mindburst (21)
Scrolls
 g - a scroll of blinking
 i - 2 scrolls of vulnerability
 j - a scroll of butterflies
Potions
 b - 8 potions of curing
 c - 6 potions of heal wounds
 d - 2 potions of haste
 e - 4 potions of magic
 f - 5 potions of berserk rage
 h - 2 potions of invisibility
 m - a potion of mutation
 o - a potion of might


   Skills:
 + Level 13.2 Fighting
 + Level 13.0 Dodging
 + Level 15.3 Unarmed Combat


You had 9 spell levels left.
You didn't know any spells.
Your spell library was empty.

Dungeon Overview and Level Annotations

Branches:
Dungeon (1/1)

Altars:
Ashenzari
Cheibriados
Dithmenos
Elyvilon
Fedhas
Gozag
Hepliaklqana
Kikubaaqudgha
Makhleb
Nemelex Xobeh
Okawaru
Qazlal
Ru
Sif Muna
Trog
Uskayaw
Vehumet
Wu Jian
Xom
Yredelemnul
Zin
The Shining One
Jiyva
Lugonu


Innate Abilities, Weirdness & Mutations

You are too large for most types of armour.
You have claws for hands.
Your natural rate of healing is unusually fast.
You are covered in fur. (AC +1)
You have tough skin. (AC +1)


Message History

Unknown command.
Unknown command.
You scratch the ice dragon but do no damage.
The ice dragon bites you! The ice dragon misses you.
The ice dragon tramples you!
You hold your ground!
You mangle the basilisk!!
You kill the basilisk!
Trog accepts your kill. The ice dragon bites you.
The ice dragon closely misses you. The ice dragon tramples you.
You hold your ground!
Unknown command.
Unknown command.
Unknown command.
A red film seems to cover your vision as you go berserk!
You feel yourself moving faster!
You feel mighty! The ice dragon bites you!
* * * LOW HITPOINT WARNING * * *
The ice dragon claws you!
* * * LOW HITPOINT WARNING * * *
The ice dragon tramples you.
* * * LOW HITPOINT WARNING * * *
You hold your ground!
Unknown command.
You mangle the ice dragon!!
The ice dragon is moderately wounded.
You claw the ice dragon!
The ice dragon is heavily wounded.
The ice dragon breathes frost at you. The blast of cold hits you!
* * * LOW HITPOINT WARNING * * *
You scratch the ice dragon but do no damage.
The ice dragon is heavily wounded.
You scratch the ice dragon but do no damage.
You claw the ice dragon!
The ice dragon is severely wounded.
You claw the ice dragon!
The ice dragon is almost dead.
The ice dragon bites you!
* * * LOW HITPOINT WARNING * * *
The ice dragon claws you.
You die...

###################
..................+
..........†.)..D†.+
###########'####@.#
# #.#. #..# # #)#
#. #..# # #D#
#!#..# # #?# ##..#
# #.# #..#
################..#
..................#
..................#


You could see an ice dragon.

Vanquished Creatures
  A ghost moth (D)
  A two-headed ogre (D)
  A boulder beetle (D)
  Pikel (D)
  Maurice (D)
  A kobold demonologist (D)
  A basilisk (D)
  An orc warrior (D)
  An ice beast (D)
  A wolf (D)
  A lemure (D)
  An iron imp (D)
  6 orc priests (D)
  An iguana (D)
  A gnoll (D)
  An ufetubus (D)
  7 orcs (D)
  A bat (D)
  An endoplasm (D)
  A giant cockroach (D)
  2 hobgoblins (D)
  A quokka (D)
  A jackal zombie (D)
  A kobold (D)
  A quokka zombie (D)
37 creatures vanquished.

Vanquished Creatures (collateral kills)
  An ophan (D)
  A swamp dragon (D)
  An ugly thing (D)
  A salamander (D)
  A komodo dragon (D)
  An unseen horror (shapeshifter) (D)
  A rime drake (shapeshifter) (D)
  A freezing wraith (D)
  2 wind drakes (D)
  A hornet (D)
  A redback (D)
  An adder (D)
13 creatures vanquished.

Grand Total: 50 creatures vanquished

Notes
Turn   | Place    | Note
-------+----------+-------------------------------------------
     0 | D        | sircluck the Troll Berserker began the quest for the Orb.
     0 | D        | Reached XP level 1. HP: 22/22 MP: 0/0
    12 | D        | Noticed a lindwurm
    12 | D        | Noticed an elephant
    37 | D        | Found a bloodstained altar of Trog.
    37 | D        | Found a shimmering blue altar of Sif Muna.
    37 | D        | Found a viscous altar of Jiyva.
    37 | D        | Found a hazy altar of Hepliaklqana.
    37 | D        | Found an opulent altar of Gozag.
    38 | D        | Found a glowing golden altar of the Shining One.
    38 | D        | Found a glowing silver altar of Zin.
    38 | D        | Found a basalt altar of Yredelemnul.
    38 | D        | Found a shimmering altar of Xom.
    38 | D        | Found an ornate altar of the Wu Jian Council.
    38 | D        | Found a sacrificial altar of Ru.
    38 | D        | Found a stormy altar of Qazlal.
    38 | D        | Found an iron altar of Okawaru.
    38 | D        | Found a sparkling altar of Nemelex Xobeh.
    38 | D        | Found a burning altar of Makhleb.
    38 | D        | Found a blossoming altar of Fedhas.
    38 | D        | Found a white marble altar of Elyvilon.
    38 | D        | Found a shadowy altar of Dithmenos.
    38 | D        | Found a snail-covered altar of Cheibriados.
    40 | D        | Found a radiant altar of Vehumet.
    40 | D        | Found a corrupted altar of Lugonu.
    41 | D        | Found a hide-covered altar of Uskayaw.
    41 | D        | Found an ancient bone altar of Kikubaaqudgha.
    41 | D        | Found a broken altar of Ashenzari.
    75 | D        | Reached ** piety under Trog
    76 | D        | Reached XP level 2. HP: 30/31 MP: 1/1
    84 | D        | Reached skill level 4 in Unarmed Combat
    88 | D        | Noticed a wolf
    95 | D        | Killed a wolf
    96 | D        | Reached skill level 5 in Unarmed Combat
    96 | D        | Reached XP level 3. HP: 17/41 MP: 2/2
    96 | D        | Reached XP level 4. HP: 21/49 MP: 3/3
    99 | D        | Reached *** piety under Trog
   101 | D        | Reached skill level 5 in Fighting
   177 | D        | Reached skill level 6 in Unarmed Combat
   178 | D        | Reached **** piety under Trog
   179 | D        | Reached skill level 5 in Dodging
   186 | D        | Noticed an ice beast
   204 | D        | Reached XP level 5. HP: 55/57 MP: 4/4
   204 | D        | Reached ***** piety under Trog
   212 | D        | Killed an ice beast
   213 | D        | Reached skill level 7 in Unarmed Combat
   241 | D        | Reached XP level 6. HP: 47/68 MP: 5/5
   241 | D        | Received a gift from Trog
   275 | D        | Reached skill level 8 in Unarmed Combat
   277 | D        | Noticed a boulder beetle
   287 | D        | Killed a boulder beetle
   288 | D        | Reached skill level 10 in Unarmed Combat
   288 | D        | Reached XP level 7. HP: 9/81 MP: 6/6
   351 | D        | Noticed Pikel
   360 | D        | Killed Pikel
   361 | D        | Reached skill level 11 in Unarmed Combat
   361 | D        | Reached XP level 8. HP: 50/92 MP: 7/7
   403 | D        | Noticed Maurice
   416 | D        | Killed Maurice
   420 | D        | Reached skill level 10 in Fighting
   425 | D        | Reached ****** piety under Trog
   429 | D        | Received a gift from Trog
   430 | D        | Reached skill level 10 in Dodging
   620 | D        | Noticed a ghost moth
   620 | D        | Noticed a wind drake
   620 | D        | Noticed a raiju
   620 | D        | Noticed a kobold demonologist
   620 | D        | Noticed a komodo dragon
   620 | D        | Noticed a hornet
   621 | D        | a golden eye changed into a rime drake
   621 | D        | Noticed a rime drake (shapeshifter)
   624 | D        | Reached skill level 12 in Unarmed Combat
   624 | D        | Reached XP level 9. HP: 69/102 MP: 8/8
   625 | D        | Noticed a red ugly thing
   627 | D        | Killed a ghost moth
   628 | D        | Reached skill level 13 in Unarmed Combat
   630 | D        | Killed a rime drake
   630 | D        | Noticed a freezing wraith
   631 | D        | Killed a freezing wraith
   632 | D        | Killed a komodo dragon
   633 | D        | Identified the +1 robe of the Seven Lies {Contam rN++
                  | Int+3}
   633 | D        | Noticed a salamander
   635 | D        | Noticed an ophan
   637 | D        | Noticed a two-headed ogre
   639 | D        | Killed a red ugly thing
   639 | D        | Noticed a swamp dragon
   639 | D        | Noticed a wind drake
   640 | D        | Reached XP level 10. HP: 51/115 MP: 1/9
   641 | D        | Killed a two-headed ogre
   642 | D        | Reached skill level 14 in Unarmed Combat
   644 | D        | Killed a salamander
   648 | D        | Killed an ophan
   648 | D        | Identified the +9 great sword "Uwyt" {heavy, rF+ Stlth+}
                  | (Trog gifted it to you in the Dungeon)
   648 | D        | Received a gift from Trog
   663 | D        | Reached skill level 15 in Unarmed Combat
   664 | D        | Received a gift from Trog
   666 | D        | Killed a swamp dragon
   678 | D        | Noticed an ice dragon
   693 | D        | HP: 5/178 [ice dragon (8)]
   693 | D        | Slain by an ice dragon

Illustrated notes

Levels and vault maps discovered:
D:        pitsprint [storerooms_1, entrance_room_1, metal_vault_8, armoury_2,
          mini_pit_1, grid_room_1, main_hall_1, silver_pit, the_coven_3,
          the_vestibule_1, steel_vault_5, golden_pit, hallway_of_sentries,
          crystal_vault_1, iron_vault_3, final_vault]

Skill      XL: |  1  2  3  4  5  6  7  8  9 10 |
---------------+-------------------------------+-----
Fighting       | 3 4 5 6 8 9 10 11 13 | 13.2
Dodging        | 3 4 5 6 8 9 10 11 13 | 13.0
Unarmed Combat | 5 6 7 10 11 12 13 15 | 15.3

Action                     |  1- 3 |  4- 6 |  7- 9 | 10-12 || total
---------------------------+-------+-------+-------+-------++-------
  Melee: Unarmed           |    14 |    58 |    43 |    14 ||   129
         Punch             |       |       |     2 |     2 ||     4
 Invoke: Berserk           |     1 |     1 |       |     1 ||     3
         Brothers in Arms  |       |       |     2 |       ||     2
    Use: Potion            |       |       |     1 |     1 ||     2
 Armour: Animal skin       |    14 |    32 |    26 |    21 ||    93
  Dodge: Dodged            |    19 |    22 |    11 |     5 ||    57

Table legend: (Time is in decaauts)
 A = Elapsed time spent in this place.
 B = Non-inter-level travel time spent in this place.
 C = Inter-level travel time spent in this place.
 D = Time resting spent in this place.
 E = Time spent auto-exploring this place.
 F = Levels seen in this place.
 G = Mean time per level.
                   A        B        C        D        E       F      G
               +--------+--------+--------+--------+--------+-----+--------+
         Total |    686 |    686 |      0 |     70 |    355 |   1 |  686.0 |
       Dungeon |    686 |    686 |      0 |     70 |    355 |   1 |  686.0 |
               +--------+--------+--------+--------+--------+-----+--------+

Top non-repeatable levels by time:
       D: 686 daAuts
